 Dungeon Crawl Stone Soup version 0.23-a0-642-g3120c2f5a9 (webtiles) character file.

98 Adamkad1 the Ruffian (level 4, -2/39 HPs)
             Began as a Naga Transmuter on Dec 31, 2018.
             Was a Follower of Cheibriados.
             Killed from afar by an orc wizard (5 damage)
             ... with a puff of frost
             ... on level 3 of the Dungeon.
             The game lasted 00:03:50 (3460 turns).

Adamkad1 the Ruffian (Naga Transmuter)              Turns: 3460, Time: 00:03:50

Health: -2/39      AC:  2    Str: 16    XL:     4   Next: 69%
Magic:  7/8        EV:  7    Int: 16    God:    Cheibriados [*.....]
Gold:   110        SH:  7    Dex: 15    Spells: 5/8 levels left

rFire    . . .     SeeInvis +     - Unarmed
rCold    . . .     Gourm    .   n - +0 shield
rNeg     . . .     Faith    .   b - +0 robe
rPois    +         Spirit   .   (no helmet)
rElec    .         Reflect  .   (no cloak)
rCorr    .         Harm     .   (no gloves)
MR       .....                  (no barding)
Stlth    +.........             (no amulet)
HPRegen  0.13/turn              (no ring)
MPRegen  0.11/turn              (no ring)

@: short of breath, appendage (expiring), very slightly contaminated, very slow
A: large, horns 2, see invisible, deformed body, poison resistance, slowness 2,
slow metabolism 1, spit poison 1, AC +1
a: Spit Poison, End Transformation, Bend Time, Renounce Religion


You were on level 3 of the Dungeon.
You worshipped Cheibriados.
Cheibriados was aware of your devotion.
You were not hungry.
You had grown temporary horns.
You visited 1 branch of the dungeon, and saw 3 of its levels.

You collected 110 gold pieces.

Inventory:

Missiles
 a - 35 arrows
Armour
 b - a +0 robe (worn)
 n - a +0 shield (worn)
Scrolls
 e - 4 scrolls of remove curse {unknown}
 i - a scroll of teleportation {unknown}
 j - a scroll of enchant armour {unknown}
 k - 3 scrolls of identify {unknown}
 l - a scroll of magic mapping {unknown}
 q - a scroll of blinking {unknown}
Potions
 c - a potion of heal wounds {unknown}
 f - a potion of flight {unknown}
 g - a potion of brilliance {unknown}
 h - a potion of lignification {unknown}
 m - a potion of curing {unknown}
 o - a potion of ambrosia {unknown}
 p - a potion of might {unknown}
Comestibles
 d - a ration


   Skills:
 + Level 1.7 Fighting
 + Level 2.1 Dodging
 + Level 3.4 Unarmed Combat
 * Level 2.7 Spellcasting
 * Level 3.0 Transmutations


You had 5 spell levels left.
You knew the following spells:

 Your Spells              Type           Power        Failure   Level  Hunger
a - Beastly Appendage     Tmut           ##....       36%         1    #......
b - Sticks to Snakes      Tmut           ##......     50%         2    ##.....

Your spell library contained the following spells:

 Spells                   Type           Power        Failure   Level  Hunger
 Spider Form              Tmut/Pois      #.........   91%         3    ###....
 Ice Form                 Ice/Tmut       #.......     100%        4    #####..
 Blade Hands              Tmut           ##........   100%        5    ######.


Dungeon Overview and Level Annotations

Branches:
Dungeon (3/15)

Altars:
Cheibriados
Okawaru
Qazlal
Sif Muna


Innate Abilities, Weirdness & Mutations

You cannot wear boots.
Your serpentine skin is tough. (AC +1)
You have supernaturally acute eyesight. (SInv)
Armour fits poorly on your strangely shaped body.
Your system is resistant to poisons. (rPois)
You cover ground very slowly.
You have a slow metabolism.
You can spit poison.
You have a pair of horns on your head.


Message History

You hit the orc wizard.
The orc wizard is severely wounded.
The orc wizard hits you but does no damage.
An orc comes into view.
The orc wizard hits you with a +3 dagger of venom.
* * * LOW HITPOINT WARNING * * *
Press: ? - help, Shift-Dir - straight line, f - orc wizard
Aim: an orc wizard, wielding a +3 dagger of venom and wearing a +0 robe The splash of poison misses the orc wizard.
The splash of poison misses the orc.
The splash of poison hits the orc.
The orc is moderately wounded.
You feel slightly more hungry.
The orc wizard hits you with a +3 dagger of venom.
* * * LOW HITPOINT WARNING * * *
Unknown command.
You hit the orc wizard. Your headbutt misses the orc wizard.
The orc wizard is almost dead.
The orc wizard casts a spell at you. The puff of frost hits you!
You die...

# #.#.#
#.#.#
#.#.#
..#.#
#######.#
#.......#
#.#######
#.# #@#
#o# #o#


#oo ### You could see an orc wizard and 3 orcs.

Vanquished Creatures
  A jelly (D:2)
  An adder (D:2)
  An ooze (D:1)
  4 worms (D:2)
  A leopard gecko (D:1)
  An orc (D:3)
  3 giant cockroaches (D:2)
  6 goblins
  7 hobgoblins
  A ball python (D:2)
  6 bats
  2 frilled lizards (D:2)
  6 kobolds
  5 rats
45 creatures vanquished.

Notes
Turn   | Place    | Note
-------+----------+-------------------------------------------
     0 | D:1      | Adamkad1 the Naga Transmuter began the quest for the Orb.
     0 | D:1      | Reached XP level 1. HP: 18/18 MP: 3/3
    79 | D:1      | Reached XP level 2. HP: 5/25 MP: 3/5
  1103 | D:1      | Learned a level 2 spell: Sticks to Snakes
  1510 | D:2      | Reached XP level 3. HP: 14/31 MP: 4/6
  1711 | D:2      | Found an iron altar of Okawaru.
  1719 | D:2      | Found a deep blue altar of Sif Muna.
  1740 | D:2      | Found a snail-covered altar of Cheibriados.
  1744 | D:2      | Became a worshipper of Cheibriados the Contemplative
  1750 | D:2      | Found a stormy altar of Qazlal.
  2641 | D:2      | Reached * piety under Cheibriados
  2648 | D:2      | Reached XP level 4. HP: 23/39 MP: 0/7
  3460 | D:3      | Killed from afar by an orc wizard

Vault maps used:
D:1:      matt_arrival_spirals
D:2:      grunt_temple_overflow_cloverleaf, minmay_increasing_density

Skill      XL: |  1  2  3  4 |
---------------+-------------+-----
Dodging        | 2 |  2.1
Transmutations | 3 |  3.0
Fighting       | |  1.7
Unarmed Combat | |  3.4
Spellcasting   | |  2.7

Action                   |  1- 3 |  4- 6 || total
-------------------------+-------+-------++-------
Melee: Unarmed           |   130 |    33 ||   163
       Headbutt          |    11 |     5 ||    16
 Cast: Beastly Appendage |    21 |     5 ||    26
       Sticks to Snakes  |     1 |       ||     1
 Abil: Spit Poison       |     4 |     3 ||     7
 Stab: Sleeping          |     2 |       ||     2
  Eat: Chunk             |     4 |     2 ||     6
Armor: Robe              |    28 |    13 ||    41
Dodge: Dodged            |    78 |     8 ||    86
Block: Shield            |     7 |    18 ||    25

Table legend:
 A = Non-vault XP
 B = Vault XP
 C = Vault XP percentage of total XP
 D = Non-vault monster count
 E = Vault monster count
 F = Vault count percentage of total count
                 A         B        C        D         E       F
            +---------+---------+-------+---------+---------+-------
      Total |     129 |      11 |   7.9 |      38 |       7 |  15.6
            +---------+---------+-------+---------+---------+-------
        D:1 |      24 |       0 |   0.0 |      12 |       0 |   0.0
        D:2 |     102 |      11 |   9.7 |      25 |       7 |  21.9
        D:3 |       3 |       0 |   0.0 |       1 |       0 |   0.0
            +---------+---------+-------+---------+---------+-------
